 Dungeon Crawl Stone Soup version 0.30-a0-1163-gf69bf04e7a (webtiles) character file.

Game seed: 11863650699708350081

0 Frank00 the Conjurer (level 1, 0/14 HPs)
             Began as a Demigod Conjurer on Apr 28, 2023.
             Slain by a goblin
             ... wielding a +0 club
              (1 damage)
             ... on level 1 of the Dungeon.
             The game lasted 00:01:38 (133 turns).

Frank00 the Conjurer (Demigod Conjurer)              Turns: 133, Time: 00:01:39

Health: 0/14       AC:  2    Str:  8    XL:     1   Next: 6%
Magic:  5/5        EV: 12    Int: 20    God:
Gold:   18         SH:  0    Dex: 12    Spells: 2/3 levels left

rFire   . . .        (no weapon)
rCold   . . .        (no shield)
rNeg    . . .        a - +0 robe
rPois   .            (no helmet)
rElec   .            (no cloak)
rCorr   .            (no gloves)
SInv    .            (no boots)
Will    .....        (no amulet)
Stlth   ++           (no ring)
HPRegen 0.22/turn    (no ring)
MPRegen 0.09/turn

%: no passive effects
@: no status effects
A: high MP 1, forlorn, divine attributes
a: no special abilities


You were on level 1 of the Dungeon.
You visited 1 branch of the dungeon, and saw 1 of its levels.

You collected 18 gold pieces.

Inventory:

Hand Weapons
 e - a +0 spear
Armour
 a - a +0 robe (worn)
Scrolls
 c - a scroll of teleportation {unknown}
Potions
 b - a potion of magic
 d - a potion of curing {unknown}
 f - a potion of attraction {unknown}


   Skills:
 + Level 1.7 Dodging
 + Level 1.7 Stealth
 + Level 1.7 Spellcasting
 + Level 3.6 Conjurations


You had 2 spell levels left.
You knew the following spells:

 Your Spells              Type           Power      Damage    Failure   Level
a - Magic Dart            Conj           64%        1d6       3%          1

Your spell library contained the following spells:

 Spells                   Type           Power      Damage    Failure   Level
 Searing Ray              Conj           32%        2d5       5%          2
 Dazzling Flash           Conj/Hex       18%        N/A       22%         3
 Fulminant Prism          Conj/Hex       4%         3d5       58%         4
 Iskenderun's Mystic Bla  Conj/Tloc      9%         2d4       58%         4


Dungeon Overview and Level Annotations

Branches:
Dungeon (1/15)


Innate Abilities, Weirdness & Mutations

You have an increased reservoir of magic. (+10% MP)
You shall have no god before yourself.
Your divine heritage dramatically boosts your attributes as you level up.


Message History

The goblin is severely wounded.
The goblin barely misses you.
You completely miss the goblin.
The goblin is severely wounded.
The goblin closely misses you.
You hit the goblin.
You kill the goblin!
You see here a +0 club.
You see here a +0 club.
You see here 4 stones.
f - a bubbling yellow potion A goblin comes into view.
It is wielding a +0 club.
Found 9 gold pieces and a mace.
A kobold comes into view. It is wielding a +0 dagger.
Found a blue potion.
The goblin shouts!
The kobold shouts!
You see here 9 gold pieces.
You closely miss the goblin. The goblin hits you with a +0 club.
The goblin hits you with a +0 club.
You see here 9 gold pieces.
You hit the goblin but do no damage. The goblin closely misses you.
The kobold hits you with a +0 dagger. The goblin closely misses you.
The goblin attacks as you move away! The goblin hits you but does no damage.
The kobold attacks as you move away! The kobold hits you but does no damage.
The kobold hits you with a +0 dagger.
You closely miss the goblin. The goblin hits you but does no damage.
The kobold closely misses you.
You closely miss the goblin. The goblin closely misses you.
The kobold hits you with a +0 dagger.
* * * LOW HITPOINT WARNING * * *
You hit the goblin.
The goblin is heavily wounded.
The goblin hits you with a +0 club.
* * * LOW HITPOINT WARNING * * *
The kobold misses you.
You closely miss the goblin.
The goblin is heavily wounded.
The goblin hits you with a +0 club.
You die...

..# #..........#
..# ##.#.#.#.#..#
#.# #.....!......#
#.# #.#.#.#.#.#..#
#.## ..).........#
#..# #.#.#.#.#.#
##.# #......$..#
##.# .#.#.#.#K#g#
#.)###.##.......@.#
.......####..######
###.#### #.##
#..)..# #.# #.....#
##.# #..(..# #..#
##.....# #.##
.......###.#
.......#...#


You could see a goblin and a kobold.

Vanquished Creatures
  A goblin (D:1)
1 creature vanquished.

Notes
Turn   | Place    | Note
-------+----------+-------------------------------------------
     0 | D:1      | Frank00 the Demigod Conjurer began the quest for the Orb.
     0 | D:1      | Reached XP level 1. HP: 14/14 MP: 5/5
   133 | D:1      | Slain by a goblin

Illustrated notes

Levels and vault maps discovered:
D:1:      elethiomel_arrival_shortcut, layout_basic, glass_columns_c

Action                     || total
---------------------------++-------
  Melee: Unarmed           ||     9
 Armour: Robe              ||     3
  Dodge: Dodged            ||     7

Table legend: (Time is in decaauts)
 A = Elapsed time spent in this place.
 B = Non-inter-level travel time spent in this place.
 C = Inter-level travel time spent in this place.
 D = Time resting spent in this place.
 E = Time spent auto-exploring this place.
 F = Levels seen in this place.
 G = Mean time per level.
                   A        B        C        D        E       F      G
               +--------+--------+--------+--------+--------+-----+--------+
         Total |    133 |     53 |     80 |      0 |      0 |   1 |  133.0 |
       Dungeon |    133 |     53 |     80 |      0 |      0 |   1 |  133.0 |
               +--------+--------+--------+--------+--------+-----+--------+

Top non-repeatable levels by time:
     D:1: 133 daAuts
